 Dungeon Crawl Stone Soup version 0.26-a0-712-ga5a9c9c9d0 (webtiles) character file.

Game seed: 13482796532656108821

9 gbos the Digger (level 2, 15/20 HPs)
             Began as a Demonspawn Earth Elementalist on Nov 13, 2020.
             Got out of the dungeon alive.
             The game lasted 00:01:08 (437 turns).

gbos the Digger (Demonspawn Earth Elementalist)      Turns: 437, Time: 00:01:09

Health: 15/20      AC:  2    Str:  8    XL:     2   Next: 3%
Magic:  5/5        EV: 12    Int: 16    God:
Gold:   0          SH:  0    Dex: 13    Spells: 4/5 levels left

rFire    . . .     SeeInvis .   e - +0 dagger
rCold    . . .     Faith    .   (no shield)
rNeg     . . .     Spirit   +   c - +0 robe
rPois    .         Reflect  .   (no helmet)
rElec    .         Harm     .   (no cloak)
rCorr    .         Rampage  .   (no gloves)
MR       .....                  (no boots)
Stlth    +.........             (no amulet)
HPRegen  0.06/turn              (no ring)
MPRegen  0.09/turn              f - ring of attention (curse)

@: no status effects
A: magic shield
a: no special abilities


You escaped.
You visited 1 branch of the dungeon, and saw 1 of its levels.


Innate Abilities, Weirdness & Mutations

When hurt, damage is shared between your health and your magic reserves.


   Skills:
 + Level 0.8 Fighting
 - Level 1.7 Dodging
 - Level 1.7 Stealth
 - Level 2.0 Spellcasting
   Level 0.8 Transmutations
 * Level 3.1 Earth Magic


You had 4 spell levels left.
You knew the following spells:

 Your Spells              Type           Power        Failure   Level
z - Sandblast             Erth           ##....       6%          1

Your spell library contained the following spells:

 Spells                   Type           Power        Failure   Level
 Passwall                 Tmut/Erth      #.......     14%         2
 Stone Arrow              Conj/Erth      #.....       32%         3
 Petrify                  Tmut/Erth      #.......     67%         4
 Lee's Rapid Deconstruct  Erth           ##........   85%         5

Inventory:

Hand Weapons
 e - a +0 dagger (weapon)
Missiles
 b - 25 stones (quivered)
Armour
 c - a +0 robe (worn)
Jewellery
 f - a cursed ring of attention (right hand)
Potions
 d - a potion of heal wounds {unknown}

Dungeon Overview and Level Annotations

Branches:
Dungeon (1/15)

Altars:

.....
▒▒▒▒▒▒▒.▒▒.▒▒.▒ ▒▒
▒ ▒..............▒
▒. ▒.......▒...▒
▒.▒▒▒.....▒▒▒.▒▒
▒..▒.......▒..▒
▒.............▒
▒......▒>.....▒▒
▒▒.....▒▒▒......▒
........6▒.......▒
▒▒.........).....▒
▒...▒.......▒...▒
▒..▒▒▒.....▒▒▒..▒
▒.. ▒.......▒ ..▒
▒▒..............▒
▒▒▒▒▒▒.▒▒▒▒▒▒▒.▒
▒.▒ ▒.▒


There were no monsters in sight!


Message History

a - a potion of degeneration Drop what? 6/52 slots (_ for help) (? for menu, Esc to quit)
You drop a potion of degeneration {!q}.
Put ring on which hand? (Esc to cancel) < - no ring (left) > - no ring (right) Oops, that ring feels deathly cold.
f - a cursed ring of attention (right hand) No target in view!
No target in view!
No target in view!
A leopard gecko is nearby!
The leopard gecko misses you.
The leopard gecko hisses menacingly.
The leopard gecko bites you.
You are too injured to fight recklessly!
You are too injured to fight recklessly!
You are too injured to fight recklessly!
You are too injured to fight recklessly!
Aiming: Sandblast (safe; 6% risk of failure)
Aim: a leopard gecko The blast of sand hits the leopard gecko.
You kill the leopard gecko!
You have reached level 2!
Your demonic ancestry asserts itself...
You feel your magical essence form a protective shroud around your flesh.
b - 25 stones
There is a staircase leading out of the dungeon here.
Are you sure you want to leave the Dungeon?
This will make you lose the game!
You have escaped!

Action                   || total
-------------------------++-------
Melee: Dagger            ||     7
       Unarmed           ||     3
 Cast: Sandblast         ||     7
  Use: Scroll            ||     1
Armor: Robe              ||     1
Dodge: Dodged            ||    11

Levels and vault maps discovered:
D:1:      minmay_arrival_five_plusses, layout_loops_ring, minmay_pentomino_s2

Notes
Turn   | Place    | Note
-------+----------+-------------------------------------------
     0 | D:1      | gbos the Demonspawn Earth Elementalist began the quest for
                  | the Orb.
     0 | D:1      | Reached XP level 1. HP: 13/13 MP: 3/3
    60 | D:1      | HP: 2/14 [frilled lizard (2)]
   356 | D:1      | Reached skill level 3 in Earth Magic
   413 | D:1      | Gained mutation: When hurt, damage is shared between your
                  | health and your magic reserves. [demonic ancestry]
   413 | D:1      | Reached XP level 2. HP: 14/20 MP: 3/5
   437 | D:$      | Got out of the dungeon alive.

Vanquished Creatures
  A dart slug (D:1)
  A leopard gecko (D:1)
  A bat (D:1)
  A hobgoblin (D:1)
  A frilled lizard (D:1)
  A kobold (D:1)
6 creatures vanquished.
